 Dungeon Crawl Stone Soup version 0.25.0-11-g1f837a76a1 (webtiles) character file.

Game seed: 8232471119528530845

149445 MisterFreud the Warrior (level 16, 0/160 HPs)
             Began as a Minotaur Fighter on June 27, 2020.
             Was the Champion of Cheibriados.
             Hit by a silver javelin thrown by a merfolk javelineer (4 damage)
             ... on level 3 of the Shoals.
             The game lasted 00:40:34 (29362 turns).

MisterFreud the Warrior (Minotaur Fighter)         Turns: 29362, Time: 00:40:35

Health: 0/160      AC: 37    Str: 37    XL:     16   Next: 96%
Magic:  24/24      EV: 22    Int: 27    God:    Cheibriados [******]
Gold:   2864       SH: 18    Dex: 27    Spells: 12/15 levels left

rFire    . . .     SeeInvis .   d - +5 demon blade (elec)
rCold    . . .     Gourm    .   c - +1 kite shield
rNeg     . . .     Faith    .   M - +8 orange crystal plate armour {Archmagi, Int+3 Clar}
rPois    +         Spirit   .   t - +2 hat
rElec    .         Reflect  .   (no cloak)
rCorr    .         Harm     .   e - +0 pair of gloves
MR       ++...     Clarity  +   A - +0 pair of boots
Stlth    ..........             X - amulet of the acrobat
HPRegen  0.36/turn              B - ring of poison resistance
MPRegen  0.19/turn              N - ring of protection from magic

@: acrobat, studying Long Blades, very slow
A: retaliatory headbutt, horns 2
a: Bend Time, Temporal Distortion, Slouch, Step From Time, Renounce Religion


You were on level 3 of the Shoals.
You worshipped Cheibriados.
Cheibriados was exalted by your worship.
You were hungry.

You visited 5 branches of the dungeon, and saw 28 of its levels.
You also visited: Sewer.

You collected 3064 gold pieces.
You spent 200 gold pieces at shops.

Inventory:

Hand Weapons
 d - a +5 demon blade of electrocution (weapon)
 O - a +8 scimitar of flaming
Armour
 c - a +1 kite shield (worn)
 e - a +0 pair of gloves (worn)
 t - a +2 hat (worn)
 A - a +0 pair of boots (worn)
 M - the +8 orange crystal plate armour (worn) {Archmagi, Int+3 Clar}
   (You found it on level 10 of the Dungeon)

   It affects your intelligence (+3).
   It protects you against confusion.
Jewellery
 z - an uncursed ring of see invisible
 B - a ring of poison resistance (left hand)
 G - an uncursed ring of protection from cold
 I - an uncursed ring of resist corrosion
 J - the ring of Undoing {rF+ Str+2}
   (You found it on level 10 of the Dungeon)

   [ring of protection from fire]

   It affects your strength (+2).
   It protects you from fire.
 N - a ring of protection from magic (right hand)
 X - an amulet of the acrobat (around neck)
Wands
 p - a wand of iceblast (31)
 s - a wand of flame (36)
 D - a wand of acid (21)
 H - a wand of clouds (4)
 L - a wand of polymorph (28)
 S - a wand of digging (4)
Scrolls
 a - a scroll of torment
 b - 2 scrolls of amnesia
 i - 8 scrolls of enchant armour
 k - 10 scrolls of remove curse
 m - 17 scrolls of teleportation
 r - 6 scrolls of blinking
 v - 5 scrolls of magic mapping
 w - 4 scrolls of fog
 E - 6 scrolls of identify
 F - 2 scrolls of summoning
 Z - a scroll of fear
Potions
 g - 2 potions of stabbing
 h - a potion of ambrosia
 j - 10 potions of curing
 l - a potion of invisibility {unknown}
 n - a potion of resistance
 o - 2 potions of cancellation {unknown}
 u - 3 potions of magic
 x - 5 potions of lignification
 C - 4 potions of flight
 K - 4 potions of heal wounds
 P - 7 potions of brilliance
 R - 5 potions of might
 U - a potion of mutation {unknown}
Books
 q - a manual of Long Blades
Miscellaneous
 y - a phantom mirror
 Q - a phial of floods
Comestibles
 f - 57 rations
 T - 7 chunks of flesh


   Skills:
 - Level 19.0 Fighting
 - Level 14.8 Long Blades
 - Level 15.4 Armour
 - Level 15.3 Shields
 * Level 6.5 Translocations
 - Level 12.0 Invocations


You had 12 spell levels left.
You knew the following spells:

 Your Spells              Type           Power        Failure   Level  Hunger
a - Lesser Beckoning      Tloc           ######....   22%         3    ####...

Your spell library contained the following spells:

 Spells                   Type           Power        Failure   Level  Hunger
 Apportation              Tloc           ######       8%          1    ##.....
 Blink                    Tloc           N/A          12%         2    ###....
 Gell's Gravitas          Tloc           ######....   22%         3    ####...
 Teleport Other           Tloc           ######..     22%         3    ####...
 Shroud of Golubria       Chrm/Tloc      ####..       41%         2    ###....
 Passage of Golubria      Tloc           N/A          58%         4    #####..
 Portal Projectile        Hex/Tloc       ####..       65%         3    ####...
 Animate Skeleton         Necr           N/A          73%         1    ##.....
 Corona                   Hex            #......      73%         1    ##.....
 Freeze                   Ice            #...         73%         1    ##.....
 Magic Dart               Conj           #...         73%         1    ##.....
 Sandblast                Erth           #.....       73%         1    ##.....
 Shock                    Conj/Air       #...         73%         1    ##.....
 Summon Butterflies       Summ           #.......     73%         1    ##.....
 Summon Small Mammal      Summ           #...         73%         1    ##.....
 Call Imp                 Summ           #.......     86%         2    ###....
 Passwall                 Tmut/Erth      #.......     86%         2    ###....
 Slow                     Hex            #.......     86%         2    ###....
 Call Canine Familiar     Summ           #.......     97%         3    ####...
 Conjure Flame            Conj/Fire      #.......     97%         3    ####...
 Frozen Ramparts          Ice            #.....       97%         3    ####...
 Inner Flame              Hex/Fire       #.......     97%         3    ####...
 Mephitic Cloud           Conj/Pois/Air  #.......     97%         3    ####...
 Ozocubu's Armour         Chrm/Ice       #.......     97%         3    ####...
 Static Discharge         Conj/Air       #.......     97%         3    ####...
 Stone Arrow              Conj/Erth      #.....       97%         3    ####...
 Cause Fear               Hex            #.........   100%        4    #####..
 Hailstorm                Conj/Ice       #.......     100%        4    #####..
 Leda's Liquefaction      Hex/Erth       #.........   100%        4    #####..
 Petrify                  Tmut/Erth      #.......     100%        4    #####..
 Summon Ice Beast         Ice/Summ       #.......     100%        4    #####..
 Alistair's Intoxication  Tmut/Pois      #.......     100%        5    ######.
 Bolt of Magma            Conj/Fire/Erth #.........   100%        5    ######.
 Iskenderun's Battlesphe  Conj/Chrm      #.......     100%        5    ######.
 Lee's Rapid Deconstruct  Erth           #.........   100%        5    ######.
 Silence                  Hex/Air        #.........   100%        5    ######.
 Summon Mana Viper        Hex/Summ       #.......     100%        5    ######.
 Iron Shot                Conj/Erth      #.........   100%        6    #######
 Orb of Destruction       Conj           #.........   100%        7    #######
 Spellforged Servitor     Conj/Summ      #.........   100%        7    #######
 Summon Hydra             Summ           #.........   100%        7    #######


Dungeon Overview and Level Annotations

Branches:
Dungeon (15/15)            Temple (0/1) D:6            Lair (6/6) D:8
 Shoals (3/4) Lair:2        Snake (2/4) Lair:3        Slime (0/5) Lair:6
    Orc (2/2) D:9             Elf (0/3) Orc:2        Vaults (0/5) D:13
 Depths (0/5) D:15          Sewer (visited)

Altars:
Ashenzari
Cheibriados
Elyvilon
Gozag
Hepliaklqana
Kikubaaqudgha
Makhleb
Nemelex Xobeh
Ru
Vehumet
The Shining One

Shops:
D:4 [   D:6 =   D:9 %   D:13 }   Orc:2 =[*(

Portals:
Ice
Cave: Shoals:3

Annotations:
D:3 3 runed translucent doors, Raspi's ghost, amateur FoFi
Lair:4 exclusion: oklob plant
Lair:5 2 transporters, exclusion: oklob plant, Skimidon's ghost, journeyman MiBe
Lair:6 exclusion: oklob plant


Innate Abilities, Weirdness & Mutations

You reflexively headbutt those who attack you in melee.
You have a pair of horns on your head.


Message History

* * * LOW HITPOINT WARNING * * *
You hit the snapping turtle but do no damage.
The snapping turtle is severely wounded.
You hit the snapping turtle but do no damage.
The snapping turtle is severely wounded.
The snapping turtle bites you but does no damage.
You chop the snapping turtle into pieces!!!
You kill the snapping turtle!
Cheibriados appreciates the change of pace.
You see here a snapping turtle corpse.
You butcher the snapping turtle corpse.
You hear the faint crackling of a melting archway nearby.
T - 7 chunks of flesh (gained 4)
You see here a snapping turtle skeleton.
A merfolk javelineer comes into view.
It is wielding a +0 spear of venom and quivering 17 silver javelins.
A merfolk javelineer is nearby!
The merfolk javelineer throws a silver javelin.
The silver javelin pierces through you!
* * * LOW HITPOINT WARNING * * *
You die...

.... #∩##......≈≈≈≈≈≈≈≈≈
....##...#....≈≈≈≈)≈≈≈≈≈
.........#.......≈≈≈≈≈..≈≈≈
.................≈≈.<≈..≈≈≈
...(......)......≈≈≈..).≈≈≈
≈≈.........))[.......##.≈≈≈
≈..................... .≈≈≈
..≈......†..%......≈≈≈≈≈≈≈≈
.≈≈≈...P.P@....P...≈≈.≈≈≈≈≈
.≈≈≈≈..÷...P..PP...≈≈..≈
≈≈≈≈≈≈≈≈..P...P...≈≈≈≈≈≈
≈≈P≈≈≈≈≈P≈P.P.....≈≈
.≈≈≈P≈≈≈≈≈..P.P....
..≈≈≈≈≈≈≈.P..P.P.≈
..≈mP≈≈≈≈...>.≈P≈≈
..≈≈P≈≈PP≈....PP≈≈
..≈≈≈≈≈≈≈≈P....≈.


You could see a merfolk javelineer.

Vanquished Creatures
  Gastronok (D:8)
  A kraken (Shoals:2)
  Polyphemus (Shoals:2)
  An orc warlord (Orc:2)
  A fire dragon (D:10)
  A merfolk impaler (Shoals:2)
  An ettin (Orc:2)
  A yaktaur captain (D:15)
  8 hydras
  5 naga warriors
  An ogre mage (D:13)
  A merfolk avatar (Shoals:3)
  A catoblepas (Shoals:2)
  2 centaur warriors (D:15)
  An alligator snapping turtle (Shoals:2)
  Erica (D:8)
  4 anacondas
  A merfolk aquamancer (Shoals:3)
  A queen ant (Lair:2)
  9 death yaks
  8 two-headed ogres
  3 tengu warriors
  3 orc high priests
  6 naga sharpshooters
  3 shock serpents
  3 skeletal warriors (D:15)
  4 sea snakes
  A wizard (D:14)
  3 naga ritualists (Snake:1)
  4 orc knights
  7 harpies (Shoals:2)
  4 deep elf magi
  A harpy (shapeshifter) (D:15)
  6 orc sorcerers
  5 ugly things
  12 fauns
  5 cyclopes
  6 mana vipers (Snake:1)
  3 slime creatures (D:13)
  2 salamanders (Snake:2)
  4 manticores
  7 elephants
  23 black mambas
  6 merfolk sirens
  2 naga magi (Snake:1)
  2 torpor snails
  3 centaur zombies
  A guardian serpent (Snake:1)
  2 water nymphs (Shoals:2)
  17 spiny frogs
  A gargoyle (D:13)
  A kobold demonologist (D:13)
  A freezing wraith (D:14)
  6 yaktaurs
  4 rime drakes
  7 komodo dragons
  3 tengu conjurers (D:15)
  A meliai (Shoals:3)
  A queen bee (Lair:2)
  10 merfolk
  12 trolls
  5 hornets
  4 polar bears (Lair:6)
  Prince Ribbit (D:9)
  A wind drake (Shoals:1)
  10 hippogriffs
  A dream sheep (Lair:6)
  10 blink frogs
  A meliai zombie (D:13)
  5 snapping turtles
  11 spriggans (Lair:6)
  3 water elementals (Shoals:3)
  4 wyverns
  2 shadows
  40 yaks
  A yak (shapeshifter) (D:15)
  A wraith (D:14)
  A fire bat (shapeshifter) (D:14)
  4 vampire mosquitoes
  2 basilisks
  A steam dragon (D:12)
  2 hungry ghosts
  Grum (D:10)
  7 wargs
  21 nagas
  16 soldier ants (Lair:2)
  3 porcupines
  16 water moccasins
  8 sky beasts
  7 ice beasts
  42 orc warriors
  An eye of draining (D:14)
  2 phantoms
  A black bear (D:8)
  A necrophage (D:9)
  17 centaurs
  18 ogres
  5 boggarts (Lair:6)
  33 wolves
  9 crocodiles
  8 big kobolds
  15 bullfrogs
  3 gnoll sergeants (D:9)
  A wyvern skeleton (D:5)
  4 scorpions
  31 killer bees
  8 howler monkeys
  10 wights
  2 electric eels
  7 crimson imps
  2 bullfrog zombies
  4 lava snakes (D:9)
  5 hounds
  5 jellies
  19 orc priests
  3 bullfrog skeletons
  A gnoll shaman (D:7)
  32 orc wizards
  2 centaur skeletons (D:5)
  Terence (D:2)
  7 iguanas
  38 worker ants
  2 hound skeletons
  3 worker ant zombies
  11 gnolls
  13 adders
  2 river rats (Sewer)
  2 shadow imps
  An ooze (D:1)
  3 adder zombies
  An adder skeleton (D:9)
  A worm (D:2)
  A dart slug (D:1)
  12 leopard geckos
  96 orcs
  6 ball pythons
  8 bats
  5 giant cockroaches
  2 goblins
  9 hobgoblins
  2 jackals (D:5)
  10 kobolds
  3 quokkas
  8 frilled lizards
  A jackal skeleton (D:4)
  A quokka zombie (D:10)
  13 rats
  3 tentacles (Shoals:2)
991 creatures vanquished.

Vanquished Creatures (others)
  2 ghouls (D:1)
  A vine stalker (D:1)
  2 elves (D:1)
  4 dwarves (D:1)
  An ogre (D:1)
  2 centaurs (D:1)
  An orc wizard (D:13)
  An orc (D:1)
  A quokka (D:14)
  2 kobolds (D:1)
  14 fungi
  23 plants
  15 tentacles
69 creatures vanquished.

Grand Total: 1060 creatures vanquished

Notes
Turn   | Place    | Note
-------+----------+-------------------------------------------
     0 | D:1      | MisterFreud the Minotaur Fighter began the quest for the
                  | Orb.
     0 | D:1      | Reached XP level 1. HP: 19/19 MP: 0/0
     3 | D:1      | Killed an elf
     5 | D:1      | Noticed a ghoul
     5 | D:1      | Noticed a dwarf
     5 | D:1      | Noticed an elf
     5 | D:1      | Noticed a ghoul
     5 | D:1      | Noticed a dwarf
     5 | D:1      | Noticed a dwarf
     5 | D:1      | Noticed a centaur
     5 | D:1      | Noticed a kraken
     5 | D:1      | Noticed an ogre
     5 | D:1      | Noticed a centaur
     5 | D:1      | Noticed a dwarf
     5 | D:1      | Noticed a vine stalker
     5 | D:1      | Killed a centaur
     5 | D:1      | Killed an ogre
     9 | D:1      | Killed a dwarf
    13 | D:1      | Killed a dwarf
    15 | D:1      | Killed an elf
    19 | D:1      | Killed a dwarf
    20 | D:1      | Killed a centaur
    22 | D:1      | Killed a dwarf
    22 | D:1      | Killed a vine stalker
    25 | D:1      | Killed a ghoul
    27 | D:1      | Killed a ghoul
    53 | D:1      | Reached XP level 2. HP: 14/26 MP: 1/1
   701 | D:2      | Reached XP level 3. HP: 31/31 MP: 2/2
   972 | D:2      | Found a faded altar of an unknown god.
  1014 | D:2      | Became a worshipper of Cheibriados the Contemplative
  1014 | D:2      | Reached * piety under Cheibriados
  1168 | D:2      | Noticed Terence
  1171 | D:2      | Killed Terence
  1171 | D:2      | Reached skill level 5 in Long Blades
  1171 | D:2      | Reached XP level 4. HP: 39/39 MP: 3/3
  1381 | D:3      | Found a glowing drain.
  1399 | Sewer    | Entered a sewer
  1562 | Sewer    | Reached ** piety under Cheibriados
  1984 | D:3      | Reached XP level 5. HP: 46/46 MP: 4/4
  2035 | D:3      | Found a shattered altar of Ashenzari.
  2258 | D:3      | Found a runed translucent gate.
  2260 | D:3      | Found a runed translucent gate.
  2261 | D:3      | Found a runed translucent gate.
  2263 | D:3      | Noticed Raspi's ghost (amateur FoFi)
  2596 | D:4      | Found Vowna's Antique Armour Shoppe.
  2606 | D:4      | Reached skill level 4 in Fighting
  2637 | D:4      | Reached *** piety under Cheibriados
  2964 | D:4      | Noticed an ogre
  2969 | D:4      | Killed an ogre
  2969 | D:4      | Reached XP level 6. HP: 53/53 MP: 5/5
  3162 | D:4      | You fall into a shaft and drop 3 floors!
  3238 | D:7      | Noticed a sky beast
  3245 | D:7      | Killed a sky beast
  3334 | D:5      | Entered Level 5 of the Dungeon
  3334 | D:5      | Found a sparkling altar of Nemelex Xobeh.
  3344 | D:5      | Reached skill level 5 in Fighting
  3344 | D:5      | Reached skill level 5 in Armour
  3344 | D:5      | Reached skill level 5 in Shields
  3344 | D:5      | Reached XP level 7. HP: 50/61 MP: 6/6
  3432 | D:5      | Found a burning altar of Makhleb.
  3432 | D:5      | Noticed a balrug
  3802 | D:5      | Reached **** piety under Cheibriados
  4020 | D:5      | Reached skill level 6 in Fighting
  4028 | D:5      | Reached XP level 8. HP: 57/70 MP: 7/7
  4174 | D:5      | Reached skill level 1 in Invocations
  4580 | D:6      | Found Vapt's Jewellery Shoppe.
  4618 | D:6      | Found an ancient bone altar of Kikubaaqudgha.
  4774 | D:6      | Found an opulent altar of Gozag.
  4912 | D:6      | Found a staircase to the Ecumenical Temple.
  4931 | D:6      | Found a shattered altar of Ashenzari.
  5220 | D:7      | Reached ***** piety under Cheibriados
  5485 | D:7      | Found a radiant altar of Vehumet.
  5945 | D:8      | Reached skill level 10 in Long Blades
  6042 | D:8      | Reached XP level 9. HP: 75/75 MP: 11/11
  6156 | D:8      | Reached skill level 5 in Invocations
  6451 | D:8      | Noticed a two-headed ogre
  6457 | D:8      | Killed a two-headed ogre
  6620 | D:8      | Found a staircase to the Lair.
  7092 | D:8      | Noticed Gastronok
  7106 | D:8      | Killed Gastronok
  7106 | D:8      | Reached XP level 10. HP: 49/83 MP: 13/15
  7382 | D:8      | Noticed Erica
  7398 | D:8      | Killed Erica
  7912 | D:9      | Noticed a two-headed ogre
  7917 | D:9      | Killed a two-headed ogre
  7931 | D:9      | Noticed Prince Ribbit
  7936 | D:9      | Killed Prince Ribbit
  7936 | D:9      | Reached skill level 7 in Fighting
  7940 | D:9      | Reached XP level 11. HP: 38/92 MP: 12/16
  8675 | D:9      | Found a staircase to the Orcish Mines.
  8713 | D:9      | Found Xiuzasym's Food Shoppe.
  8882 | D:10     | Entered Level 10 of the Dungeon
  9153 | D:10     | Noticed a two-headed ogre
  9156 | D:10     | Killed a two-headed ogre
  9156 | D:10     | Reached skill level 8 in Fighting
  9296 | D:10     | Noticed a two-headed ogre
  9302 | D:10     | Killed a two-headed ogre
  9312 | D:10     | Noticed a fire dragon
  9324 | D:10     | Killed a fire dragon
  9697 | D:10     | Identified 2 scrolls of acquirement
  9742 | D:10     | Noticed Grum
  9747 | D:10     | Killed Grum
  9822 | D:10     | Found the +8 orange crystal plate armour {Archmagi, Int+3
                  | Clar}
  9926 | D:10     | Identified Sif Muna's Disquisition on Toxic Flight
  9929 | D:10     | Got a heavily runed platinum ring
 10278 | Lair:1   | Entered Level 1 of the Lair of Beasts
 10343 | Lair:1   | Reached skill level 9 in Fighting
 10493 | Lair:1   | Found a sacrificial altar of Ru.
 10783 | Lair:1   | Reached ****** piety under Cheibriados
 11015 | Lair:1   | Reached skill level 10 in Fighting
 11015 | Lair:1   | Reached skill level 10 in Armour
 11015 | Lair:1   | Reached skill level 10 in Shields
 11015 | Lair:1   | Reached XP level 12. HP: 101/106 MP: 17/17
 11612 | Lair:2   | Found a dark tunnel.
 11732 | Lair:2   | Noticed a queen ant
 11751 | Lair:2   | Killed a queen ant
 11912 | Lair:2   | Noticed a four-headed hydra
 11915 | Lair:2   | Killed a four-headed hydra
 12164 | Lair:2   | Found a staircase to the Shoals.
 12437 | Lair:3   | Noticed a seven-headed hydra
 12574 | Lair:3   | Noticed a death yak
 12574 | Lair:3   | Noticed a death yak
 12581 | Lair:3   | Killed a death yak
 12585 | Lair:3   | Killed a death yak
 12872 | Lair:3   | Killed a four-headed hydra
 12872 | Lair:3   | Reached XP level 13. HP: 108/113 MP: 18/18
 13097 | Lair:3   | Found a staircase to the Snake Pit.
 14378 | Lair:5   | Found a transporter.
 14385 | Lair:5   | Found a transporter.
 14412 | Lair:5   | Noticed Skimidon's ghost (journeyman MiBe)
 15448 | Lair:6   | Entered Level 6 of the Lair of Beasts
 15528 | Lair:6   | Identified the ring of Undoing {rF+ Str+2} (You found it on
                  | level 10 of the Dungeon)
 15613 | Lair:6   | Reached skill level 15 in Shields
 15616 | Lair:6   | Reached skill level 15 in Armour
 15962 | Lair:6   | Found a staircase to the Slime Pits.
 16039 | Lair:6   | Reached XP level 14. HP: 112/121 MP: 19/19
 16305 | Lair:6   | Reached skill level 10 in Invocations
 17945 | D:12     | Found a hazy altar of Hepliaklqana.
 18569 | D:13     | Reached skill level 11 in Fighting
 18940 | D:13     | Found Wephy's Gadget Emporium.
 19056 | D:13     | Reached skill level 12 in Fighting
 19759 | D:13     | Found a gate to the Vaults.
 19938 | D:14     | Reached skill level 13 in Fighting
 19964 | D:14     | Found a white marble altar of Elyvilon.
 20029 | D:14     | Reached XP level 15. HP: 136/136 MP: 23/23
 20308 | D:14     | Found a glowing golden altar of the Shining One.
 20663 | D:15     | Entered Level 15 of the Dungeon
 20667 | D:15     | Reached skill level 14 in Fighting
 20735 | D:15     | Found a staircase to the Depths.
 20957 | D:15     | Reached skill level 15 in Fighting
 21575 | Orc:1    | Entered Level 1 of the Orcish Mines
 22174 | Orc:2    | Entered Level 2 of the Orcish Mines
 22174 | Orc:2    | Found a staircase to the Elven Halls.
 22177 | Orc:2    | Found Nisoq's Antique Weapon Shop.
 22185 | Orc:2    | Reached skill level 16 in Fighting
 22314 | Orc:2    | Found Buvvynau's Antique Armour Emporium.
 22369 | Orc:2    | Noticed an orc warlord
 22381 | Orc:2    | Found Hynual's General Store.
 22389 | Orc:2    | Killed an orc warlord
 22511 | Orc:2    | Found Domij's Jewellery Emporium.
 22634 | Orc:2    | Reached skill level 17 in Fighting
 23679 | Snake:1  | Entered Level 1 of the Snake Pit
 24296 | Snake:1  | Reached skill level 18 in Fighting
 24315 | Snake:1  | Reached XP level 16. HP: 82/157 MP: 24/24
 25730 | Snake:2  | Reached skill level 19 in Fighting
 26339 | D:6      | Bought an uncursed ring of poison resistance for 200 gold
                  | pieces
 27136 | Shoals:1 | Entered Level 1 of the Shoals
 27511 | Shoals:1 | Learned a level 3 spell: Lesser Beckoning
 27589 | Shoals:1 | Reached skill level 1 in Translocations
 27917 | Shoals:2 | Noticed Polyphemus
 27943 | Shoals:2 | Killed Polyphemus
 28652 | Shoals:2 | Reached skill level 5 in Translocations
 28786 | Shoals:2 | Noticed a kraken
 28816 | Shoals:2 | Killed a kraken
 29002 | Shoals:2 | Identified the +5 mace "Elaesch" {vorpal, rPois}
 29303 | Shoals:3 | Found a frozen archway.
 29362 | Shoals:3 | HP: 4/160 [merfolk javelineer/silver javelin (11)]
 29362 | Shoals:3 | Hit by a silver javelin thrown by a merfolk javelineer

Illustrated notes

Levels and vault maps discovered:
D:1:      nicolae_arrival_kraken_aquarium_b, layout_rooms
D:2:      layout_loops_cross, chequers_ecumenical_altar_island, minivault_19,
          uniq_terence
D:3:      layout_basic, first_ration, gammafunk_ghost_necromancy,
          portal_sewer_entry_f, minmay_liquid_box, cheibrodos_ashenzari_chains
D:4:      layout_rooms, serial_forest, infiniplex_forest_clump_small,
          infiniplex_forest_clump_curved, infiniplex_forest_fountain,
          infiniplex_forest_straight_4, infiniplex_forest_clump_small,
          infiniplex_forest_join, infiniplex_forest_clump_small, serial_shops,
          shop
D:5:      layout_loops_ring, lemuel_round_altar, makhleb_altar_promises_db
D:6:      layout_rooms, lemuel_crystal_altar, kiku_gazebo_pond_becter,
          temple_hall, serial_shops, shop, minivault_25, grunt_gozag_breadcrumbs
D:7:      layout_cave_pods, vehumet_crystals
D:8:      layout_basic, lair_entry_dummy, grunt_ogre_cave, due_unseen_surprise,
          uniq_gastronok, uniq_erica
D:9:      layout_loops_ring, kennysheep_orc_monster_closet_entryway,
          serial_shops, nicolae_shop_competitors_out_of_business,
          kennysheep_boxes, uniq_prince_ribbit1
D:10:     dragon1_lemuel, layout_long_grid, minivault_4, uniq_grum
D:11:     layout_basic
D:12:     layout_roguey, basic_altar, serial_bayou_pond_b
D:13:     layout_loops_corners, hangedman_vaults_entry_quadrant_bands,
          serial_shops, nicolae_shop_behind_doors
D:14:     layout_rooms, elyvilon_altar_4, basic_altar, chequers_decorated_corner
D:15:     grunt_enter_depths_snipers, layout_basic,
          chequers_serial_rivers_micro_b
Lair:1:   layout_gridlike, basic_altar
Lair:2:   layout_roguey [special_room_bee], shoals_dummy_entry,
          nicolae_volcano_entry_hallway, zaba_anthell, infiniplex_staircase_pool
Lair:3:   layout_chaotic_city, minmay_snake_entry_guardpost_medium,
          grunt_megastairs_3
Lair:4:   layout_cave_pods, minmay_lair_oklob_bushes
Lair:5:   layout_layer_cave, gammafunk_ghost_hive, grunt_megastairs_4
Lair:6:   minmay_lair_end_enchanted_forest, layout_small_grid,
          minmay_slime_entry_oklob_enclosed, infiniplex_staircase_pool_2,
          lemuel_fruit_tree
Shoals:1: layout_shoals
Shoals:2: layout_shoals, uniq_polyphemus
Shoals:3: layout_shoals, serial_shops, nicolae_shop_waterfront, shop,
          portal_ice_cave_entry_pillars_three, ldierk_geyser,
          regret_index_shoals_crete
Snake:1:  layout_rooms, grunt_ministairs_12, serial_bayou_shore_b,
          serial_bayou_shore_b
Snake:2:  layout_gridlike, chequers_hall_statues_y, minmay_shop_grove,
          grunt_megastairs_2, uniq_kirke, uniq_vashnia, uniq_aizul
Orc:1:    layout_diamond_mine, mines2_lemuel
Orc:2:    grunt_orc_gardens, layout_diamond_mine, grunt_orc_garden,
          grunt_orc_garden, grunt_orc_garden, grunt_orc_garden

Skill      XL: |  1  2  3  4  5  6  7  8  9 10 11 12 13 14 15 16 |
---------------+-------------------------------------------------+-----
Long Blades    | 3 4 5 6 8 10 12 14 | 14.8
Fighting       | 4 5 6 7 10 13 18 19 | 19.0
Armour         | 4 5 6 7 10 13 15 | 15.4
Shields        | 4 5 6 7 10 13 15 | 15.3
Invocations    | 4 8 9 12 | 12.0
Translocations | 6 |  6.5

Action                   |  1- 3 |  4- 6 |  7- 9 | 10-12 | 13-15 | 16-18 || total
-------------------------+-------+-------+-------+-------+-------+-------++-------
Melee: Long sword        |    77 |   126 |   143 |       |       |       ||   346
       Headbutt          |    10 |    24 |    85 |   140 |   349 |   152 ||   760
       Scimitar          |       |       |   100 |   197 |  1084 |   125 ||  1506
       Demon blade       |       |       |       |   257 |       |   276 ||   533
Invok: Slouch            |       |       |     2 |     4 |     6 |     5 ||    17
Evoke: Wand              |       |       |       |     4 |       |       ||     4
  Use: Potion            |       |       |       |     5 |       |     3 ||     8
       Scroll            |       |       |       |    23 |    10 |     1 ||    34
  Eat: Chunk             |     1 |     3 |     6 |     9 |    22 |     6 ||    47
       Ration            |       |       |       |     1 |       |     1 ||     2
Armor: Scale mail        |    61 |    68 |    73 |    39 |       |       ||   241
       Crystal plate arm |       |       |       |   162 |   507 |   193 ||   862
Dodge: Dodged            |    35 |    48 |    60 |    85 |   235 |   128 ||   591
Block: Kite shield       |    35 |    72 |   137 |   312 |   947 |   406 ||  1909
       Rpst.: Long sword |    10 |    10 |    11 |       |       |       ||    31
       Scimitar          |       |       |     6 |    14 |    50 |     6 ||    76
       Demon blade       |       |       |       |    11 |       |    10 ||    21
